2761 views
Uploaded 2019-12-07 14:57:41
Game version 1.32.0.3 / 1.32.0.3.1
39:55 long 3on3 ladder game on (6)Monsoon_LV
Saved by BEARAND
2761 views
Uploaded 2019-12-07 14:57:41
Game version 1.32.0.3 / 1.32.0.3.1
39:55 long 3on3 ladder game on (6)Monsoon_LV


173 units @ 28.9k
/ 5.2k
91 buildings @ 11.6k
/ 5.5k



| Scroll of Town Portal | 1 | 350 |
| total: | 1 | 350g |
| Acolyte | 8 | 600 | / | 0 |
| Ghoul | 11 | 1320 | / | 0 |
| Crypt Fiend | 10 | 2150 | / | 400 |
| Obsidian Statue | 3 | 600 | / | 105 |
| Meat Wagon | 4 | 920 | / | 200 |
| Abomination | 5 | 1200 | / | 350 |
| Gargoyle | 6 | 1050 | / | 180 |
| Frost Wyrm | 1 | 385 | / | 120 |
| Gnoll Brute | 1 | 215 | / | 20 |
| Gnoll Warden | 1 | 215 | / | 20 |
| Ogre Magi | 1 | 320 | / | 50 |
| Mud Golem | 1 | 145 | / | 10 |
| total: | 52 | 9120g | / | 1455w |
| Nerubian Tower | 2 | 200 | / | 40 |
| Spirit Tower | 5 | 725 | / | 200 |
| Altar of Darkness | 1 | 180 | / | 50 |
| Ziggurat | 13 | 1950 | / | 650 |
| Crypt | 3 | 600 | / | 150 |
| Graveyard | 1 | 215 | / | 0 |
| Tomb of Relics | 1 | 130 | / | 30 |
| Necropolis | 1 | 225 | / | 0 |
| Slaughterhouse | 2 | 280 | / | 270 |
| Temple of the Damned | 1 | 155 | / | 140 |
| Sacrificial Pit | 1 | 75 | / | 150 |
| Boneyard | 2 | 350 | / | 400 |
| Halls of the Dead | 1 | 320 | / | 210 |
| Black Citadel | 1 | 325 | / | 230 |
| total: | 26 | 4160g | / | 1840w |
| 0:09 | Altar of Darkness |
| 0:12 | Ziggurat |
| 0:16 | Crypt |
| 0:45 | Acolyte |
| 0:45 | Acolyte |
| 0:55 | Acolyte |
| 1:10 | Nerubian Tower |
| 1:43 | Ghoul |
| 1:43 | Ghoul |
| 2:13 | Graveyard |
| 2:22 | Impale |
| 2:36 | Ghoul |
| 2:36 | Ghoul |
| 2:36 | Ghoul |
| 2:49 | Ziggurat |
| 3:53 | Spirit Tower |
| 5:04 | Carrion Beetles |
| 5:32 | Halls of the Dead |
| 5:48 | Crypt Fiend |
| 5:48 | Crypt Fiend |
| 5:49 | Ghoul |
| 5:49 | Ghoul |
| 5:49 | Ghoul |
| 5:50 | Ghoul |
| 5:50 | Ghoul |
| 5:50 | Ghoul |
| 7:30 | Ziggurat |
| 7:32 | Ziggurat |
| 8:16 | Slaughterhouse |
| 8:24 | Tomb of Relics |
| 8:32 | Crypt |
| 8:34 | Crypt |
| 9:34 | Web |
| 9:47 | Crypt Fiend |
| 9:48 | Crypt Fiend |
| 9:52 | Creature Attack |
| 10:06 | Creature Carapace |
| 11:07 | Ziggurat |
| 11:07 | Ziggurat |
| 11:08 | Ziggurat |
| 11:10 | Ziggurat |
| 11:18 | Vampiric Aura |
| 12:20 | Spirit Tower |
| 12:40 | Spiked Carapace |
| 12:55 | Obsidian Statue |
| 13:59 | Improved Creature Attack |
| 14:00 | Improved Creature Carapace |
| 14:32 | Ziggurat |
| 14:43 | Acolyte |
| 15:24 | Scroll of Town Portal |
| 15:51 | Obsidian Statue |
| 15:58 | Nerubian Tower |
| 16:16 | Crypt Fiend |
| 16:25 | Acolyte |
| 17:34 | Acolyte |
| 17:34 | Acolyte |
| 17:34 | Acolyte |
| 17:46 | Crypt Fiend |
| 18:20 | Sleep |
| 18:54 | Black Citadel |
| 18:57 | Meat Wagon |
| 18:57 | Meat Wagon |
| 19:33 | Temple of the Damned |
| 19:40 | Slaughterhouse |
| 20:26 | Gnoll Brute |
| 20:26 | Gnoll Warden |
| 20:26 | Ogre Magi |
| 20:27 | Mud Golem |
| 21:13 | Obsidian Statue |
| 21:32 | Advanced Creature Attack |
| 22:26 | Rain of Fire |
| 24:18 | Meat Wagon |
| 25:07 | Exhume Corpses |
| 25:08 | Meat Wagon |
| 25:27 | Advanced Creature Carapace |
| 27:27 | Abomination |
| 27:27 | Abomination |
| 27:27 | Abomination |
| 28:47 | Abomination |
| 28:47 | Abomination |
| 28:52 | Disease Cloud |
| 28:53 | Destroyer Form |
| 30:47 | Necropolis |
| 31:01 | Howl of Terror |
| 33:04 | Crypt Fiend |
| 33:04 | Crypt Fiend |
| 33:04 | Crypt Fiend |
| 34:19 | Crypt Fiend |
| 34:44 | Sacrificial Pit |
| 35:08 | Ziggurat |
| 35:09 | Ziggurat |
| 35:11 | Ziggurat |
| 35:12 | Ziggurat |
| 35:52 | Boneyard |
| 35:53 | Boneyard |
| 37:00 | Gargoyle |
| 37:00 | Gargoyle |
| 37:01 | Gargoyle |
| 37:25 | Frost Wyrm |
| 37:34 | Spirit Tower |
| 38:11 | Gargoyle |
| 38:23 | Spirit Tower |
| 38:37 | Impale |
| 38:41 | Spirit Tower |
| 39:29 | Gargoyle |
| 39:29 | Gargoyle |
| Select | 480 |
| Select group | 287 |
| Right click | 278 |
| Misc. action | 250 |
| Build/train/purchase | 94 |
| Assign group | 36 |
| Use ability | 34 |
| Chat | 11 |
| Remove unit | 3 |
| Minimap ping | 3 |


| Peasant | 17 | 1275 | / | 0 |
| Footman | 13 | 1755 | / | 0 |
| Knight | 9 | 2205 | / | 540 |
| Priest | 3 | 405 | / | 30 |
| Siege Engine | 19 | 3705 | / | 1140 |
| total: | 61 | 9345g | / | 1710w |
| Scout Tower | 6 | 180 | / | 120 |
| Guard Tower | 6 | 420 | / | 300 |
| Barracks | 2 | 320 | / | 120 |
| Altar of Kings | 1 | 180 | / | 50 |
| Farm | 15 | 1200 | / | 300 |
| Lumber Mill | 4 | 480 | / | 0 |
| Blacksmith | 2 | 280 | / | 120 |
| Town Hall | 2 | 770 | / | 410 |
| Arcane Sanctum | 1 | 150 | / | 140 |
| Workshop | 4 | 560 | / | 560 |
| Gryphon Aviary | 4 | 560 | / | 600 |
| Keep | 1 | 320 | / | 210 |
| Castle | 1 | 360 | / | 210 |
| total: | 41 | 4680g | / | 2420w |
| 0:19 | Barracks |
| 0:29 | Altar of Kings |
| 0:42 | Peasant |
| 0:42 | Peasant |
| 0:42 | Peasant |
| 1:07 | Farm |
| 1:16 | Peasant |
| 1:25 | Footman |
| 1:52 | Farm |
| 1:54 | Footman |
| 2:12 | Farm |
| 2:14 | Farm |
| 2:28 | Footman |
| 2:31 | Peasant |
| 2:36 | Peasant |
| 2:46 | Devotion Aura |
| 2:56 | Footman |
| 3:08 | Footman |
| 3:19 | Lumber Mill |
| 3:26 | Barracks |
| 3:47 | Footman |
| 3:51 | Peasant |
| 3:52 | Peasant |
| 4:07 | Footman |
| 4:33 | Blacksmith |
| 4:36 | Blacksmith |
| 4:53 | Keep |
| 5:04 | Footman |
| 5:13 | Farm |
| 5:17 | Holy Light |
| 5:37 | Footman |
| 5:53 | Footman |
| 6:11 | Footman |
| 6:11 | Footman |
| 7:04 | Town Hall |
| 7:10 | Iron Forged Swords |
| 7:19 | Scout Tower |
| 7:23 | Scout Tower |
| 7:29 | Footman |
| 8:13 | Divine Shield |
| 8:39 | Castle |
| 8:48 | Improved Lumber Harvesting |
| 9:02 | Farm |
| 9:05 | Guard Tower |
| 9:18 | Guard Tower |
| 9:32 | Summon Water Elemental |
| 9:48 | Farm |
| 9:50 | Farm |
| 9:51 | Farm |
| 9:54 | Iron Plating |
| 10:49 | Peasant |
| 10:50 | Peasant |
| 10:50 | Peasant |
| 10:50 | Peasant |
| 11:02 | Knight |
| 11:11 | Steel Plating |
| 11:24 | Arcane Sanctum |
| 11:45 | Scout Tower |
| 11:50 | Scout Tower |
| 12:48 | Blizzard |
| 13:01 | Knight |
| 13:01 | Knight |
| 13:34 | Knight |
| 13:34 | Knight |
| 13:42 | Guard Tower |
| 13:44 | Guard Tower |
| 13:48 | Scout Tower |
| 13:49 | Scout Tower |
| 13:52 | Steel Forged Swords |
| 13:59 | Priest |
| 14:00 | Priest |
| 14:04 | Advanced Lumber Harvesting |
| 14:42 | Animal War Training |
| 14:45 | Guard Tower |
| 14:46 | Guard Tower |
| 14:52 | Farm |
| 14:56 | Farm |
| 15:10 | Priest Adept Training |
| 15:17 | Lumber Mill |
| 15:22 | Lumber Mill |
| 16:07 | Knight |
| 16:18 | Sundering Blades |
| 17:14 | Workshop |
| 17:16 | Knight |
| 17:19 | Priest |
| 18:30 | Barrage |
| 18:51 | Devotion Aura |
| 20:34 | Knight |
| 20:34 | Knight |
| 20:36 | Mithril Forged Swords |
| 21:05 | Lumber Mill |
| 21:41 | Farm |
| 21:41 | Farm |
| 21:46 | Siege Engine |
| 21:47 | Siege Engine |
| 21:48 | Siege Engine |
| 22:32 | Farm |
| 22:33 | Farm |
| 22:41 | Mithril Plating |
| 24:40 | Black Gunpowder |
| 24:45 | Priest Master Training |
| 25:54 | Siege Engine |
| 26:11 | Town Hall |
| 27:00 | Workshop |
| 27:05 | Workshop |
| 27:39 | Siege Engine |
| 27:39 | Siege Engine |
| 27:44 | Refined Gunpowder |
| 28:23 | Siege Engine |
| 28:24 | Siege Engine |
| 30:35 | Siege Engine |
| 30:36 | Siege Engine |
| 30:36 | Siege Engine |
| 30:56 | Siege Engine |
| 30:57 | Siege Engine |
| 30:57 | Siege Engine |
| 31:14 | Peasant |
| 31:14 | Peasant |
| 31:14 | Peasant |
| 31:14 | Peasant |
| 31:14 | Peasant |
| 31:51 | Imbued Gunpowder |
| 33:40 | Workshop |
| 34:12 | Siege Engine |
| 34:12 | Siege Engine |
| 34:13 | Siege Engine |
| 34:49 | Siege Engine |
| 34:49 | Siege Engine |
| 35:37 | Gryphon Aviary |
| 35:39 | Gryphon Aviary |
| 35:40 | Gryphon Aviary |
| 35:41 | Gryphon Aviary |
| 37:44 | Storm Hammers |
| Right click | 1528 |
| Select | 441 |
| Select group | 302 |
| Chat | 115 |
| Build/train/purchase | 104 |
| Misc. action | 98 |
| Assign group | 23 |
| Use ability | 15 |
| Remove unit | 10 |

| Orb of Fire | 1 | 325 |
| Scroll of Town Portal | 1 | 350 |
| total: | 2 | 675g |
| Peasant | 17 | 1275 | / | 0 |
| Footman | 13 | 1755 | / | 0 |
| Gryphon Rider | 20 | 5600 | / | 1400 |
| Siege Engine | 2 | 390 | / | 120 |
| Mortar Team | 8 | 1440 | / | 560 |
| total: | 60 | 10460g | / | 2080w |
| Farm | 14 | 1120 | / | 280 |
| Barracks | 1 | 160 | / | 60 |
| Altar of Kings | 1 | 180 | / | 50 |
| Blacksmith | 1 | 140 | / | 60 |
| Lumber Mill | 1 | 120 | / | 0 |
| Town Hall | 1 | 385 | / | 205 |
| Arcane Vault | 1 | 130 | / | 30 |
| Gryphon Aviary | 3 | 420 | / | 450 |
| Workshop | 1 | 140 | / | 140 |
| Keep | 1 | 320 | / | 210 |
| Castle | 1 | 360 | / | 210 |
| total: | 24 | 2795g | / | 1275w |
| 0:05 | Farm |
| 0:08 | Barracks |
| 0:11 | Altar of Kings |
| 0:34 | Peasant |
| 0:50 | Peasant |
| 1:11 | Peasant |
| 1:28 | Farm |
| 1:29 | Peasant |
| 1:33 | Footman |
| 1:50 | Peasant |
| 2:05 | Footman |
| 2:12 | Farm |
| 2:21 | Holy Light |
| 2:26 | Footman |
| 2:48 | Peasant |
| 2:51 | Farm |
| 2:53 | Footman |
| 3:33 | Footman |
| 3:37 | Keep |
| 3:43 | Farm |
| 3:50 | Blacksmith |
| 4:06 | Footman |
| 4:29 | Footman |
| 4:53 | Footman |
| 5:09 | Farm |
| 5:14 | Lumber Mill |
| 5:16 | Iron Forged Swords |
| 6:38 | Farm |
| 6:40 | Footman |
| 6:42 | Castle |
| 6:44 | Improved Lumber Harvesting |
| 6:46 | Studded Leather Armor |
| 7:02 | Footman |
| 7:32 | Devotion Aura |
| 7:51 | Steel Forged Swords |
| 8:01 | Gryphon Aviary |
| 8:26 | Footman |
| 8:29 | Footman |
| 8:29 | Footman |
| 8:35 | Town Hall |
| 9:08 | Advanced Lumber Harvesting |
| 9:14 | Peasant |
| 9:15 | Peasant |
| 9:46 | Storm Hammers |
| 10:26 | Gryphon Aviary |
| 11:02 | Reinforced Leather Armor |
| 11:39 | Peasant |
| 11:39 | Peasant |
| 11:39 | Peasant |
| 11:40 | Peasant |
| 11:40 | Peasant |
| 11:44 | Farm |
| 12:08 | Gryphon Rider |
| 12:10 | Gryphon Rider |
| 12:33 | Farm |
| 12:45 | Mithril Forged Swords |
| 12:56 | Peasant |
| 12:56 | Peasant |
| 12:56 | Peasant |
| 13:11 | Gryphon Rider |
| 13:20 | Farm |
| 13:58 | Gryphon Aviary |
| 14:02 | Gryphon Rider |
| 14:13 | Arcane Vault |
| 14:29 | Peasant |
| 14:34 | Dragonhide Armor |
| 15:01 | Gryphon Rider |
| 15:20 | Farm |
| 15:30 | Orb of Fire |
| 15:48 | Gryphon Rider |
| 16:02 | Farm |
| 16:10 | Scroll of Town Portal |
| 17:03 | Gryphon Rider |
| 17:23 | Gryphon Rider |
| 18:55 | Gryphon Rider |
| 19:13 | Workshop |
| 19:54 | Farm |
| 20:43 | Siege Engine |
| 20:44 | Siege Engine |
| 20:48 | Farm |
| 21:51 | Mortar Team |
| 21:52 | Mortar Team |
| 21:54 | Mortar Team |
| 22:32 | Fragmentation Shards |
| 25:47 | Mortar Team |
| 25:47 | Mortar Team |
| 25:47 | Mortar Team |
| 25:51 | Gryphon Rider |
| 28:46 | Mortar Team |
| 28:46 | Mortar Team |
| 28:50 | Gryphon Rider |
| 31:02 | Gryphon Rider |
| 31:02 | Gryphon Rider |
| 31:03 | Gryphon Rider |
| 31:54 | Gryphon Rider |
| 31:55 | Gryphon Rider |
| 34:52 | Gryphon Rider |
| 34:52 | Gryphon Rider |
| 36:07 | Gryphon Rider |
| 37:07 | Gryphon Rider |
| Right click | 1109 |
| Select | 303 |
| Chat | 82 |
| Build/train/purchase | 78 |
| Select group | 68 |
| Misc. action | 35 |
| Assign group | 24 |
| Use ability | 9 |
| Remove unit | 1 |
| Minimap ping | 1 |
70 units @ 5.6k
/ 0.2k
287 buildings @ 18.8k
/ 7.9k



| Scroll of Regeneration | 1 | 100 |
| Staff of Sanctuary | 3 | 750 |
| Orb of Fire | 2 | 650 |
| Staff of Teleportation | 3 | 450 |
| Boots of Speed | 2 | 500 |
| total: | 11 | 2450g |
| Peasant | 16 | 1200 | / | 0 |
| Priest | 1 | 135 | / | 10 |
| total: | 17 | 1335g | / | 10w |
| Scout Tower | 103 | 3090 | / | 2060 |
| Arcane Tower | 5 | 350 | / | 250 |
| Guard Tower | 36 | 2520 | / | 1800 |
| Altar of Kings | 1 | 180 | / | 50 |
| Lumber Mill | 1 | 120 | / | 0 |
| Farm | 4 | 320 | / | 80 |
| Town Hall | 1 | 385 | / | 205 |
| Arcane Vault | 2 | 260 | / | 60 |
| Arcane Sanctum | 1 | 150 | / | 140 |
| Keep | 1 | 320 | / | 210 |
| Castle | 1 | 360 | / | 210 |
| total: | 113 | 4505g | / | 2595w |
| 0:01 | Peasant |
| 0:06 | Altar of Kings |
| 0:14 | Peasant |
| 0:17 | Lumber Mill |
| 0:19 | Peasant |
| 0:29 | Peasant |
| 0:32 | Farm |
| 0:50 | Peasant |
| 1:17 | Scout Tower |
| 1:20 | Scout Tower |
| 1:23 | Scout Tower |
| 1:24 | Peasant |
| 1:31 | Farm |
| 1:34 | Scout Tower |
| 1:38 | Scout Tower |
| 1:40 | Scout Tower |
| 1:42 | Scout Tower |
| 1:43 | Scout Tower |
| 1:47 | Arcane Tower |
| 1:55 | Scout Tower |
| 1:58 | Peasant |
| 2:02 | Peasant |
| 2:12 | Blizzard |
| 2:14 | Arcane Tower |
| 2:14 | Guard Tower |
| 2:23 | Peasant |
| 2:33 | Guard Tower |
| 2:36 | Scout Tower |
| 2:37 | Scout Tower |
| 2:38 | Scout Tower |
| 2:44 | Guard Tower |
| 2:44 | Guard Tower |
| 3:32 | Guard Tower |
| 3:34 | Scout Tower |
| 3:35 | Scout Tower |
| 3:36 | Scout Tower |
| 3:36 | Scout Tower |
| 3:40 | Scout Tower |
| 3:41 | Scout Tower |
| 3:41 | Scout Tower |
| 3:42 | Scout Tower |
| 3:56 | Peasant |
| 3:58 | Improved Masonry |
| 4:03 | Guard Tower |
| 4:26 | Guard Tower |
| 4:28 | Peasant |
| 4:29 | Peasant |
| 4:32 | Guard Tower |
| 4:37 | Guard Tower |
| 5:07 | Scout Tower |
| 5:09 | Scout Tower |
| 5:10 | Scout Tower |
| 5:11 | Scout Tower |
| 5:14 | Guard Tower |
| 5:18 | Scout Tower |
| 5:19 | Scout Tower |
| 5:19 | Scout Tower |
| 5:20 | Scout Tower |
| 5:58 | Brilliance Aura |
| 6:29 | Guard Tower |
| 6:31 | Keep |
| 6:41 | Scout Tower |
| 6:42 | Scout Tower |
| 6:43 | Scout Tower |
| 6:43 | Scout Tower |
| 6:48 | Guard Tower |
| 6:58 | Staff of Teleportation |
| 7:47 | Guard Tower |
| 7:58 | Guard Tower |
| 8:06 | Scout Tower |
| 8:40 | Scout Tower |
| 8:41 | Scout Tower |
| 8:42 | Scout Tower |
| 8:42 | Scout Tower |
| 8:56 | Guard Tower |
| 8:58 | Scout Tower |
| 8:58 | Scout Tower |
| 8:59 | Scout Tower |
| 9:00 | Scout Tower |
| 9:05 | Advanced Masonry |
| 9:09 | Guard Tower |
| 9:13 | Farm |
| 9:17 | Castle |
| 9:26 | Guard Tower |
| 9:36 | Guard Tower |
| 9:47 | Farm |
| 9:56 | Guard Tower |
| 10:24 | Town Hall |
| 10:33 | Blizzard |
| 10:37 | Guard Tower |
| 10:44 | Scout Tower |
| 10:45 | Scout Tower |
| 10:45 | Scout Tower |
| 10:46 | Scout Tower |
| 10:49 | Guard Tower |
| 10:54 | Scout Tower |
| 10:55 | Scout Tower |
| 10:55 | Scout Tower |
| 10:56 | Scout Tower |
| 11:22 | Improved Lumber Harvesting |
| 11:29 | Arcane Vault |
| 11:31 | Arcane Vault |
| 11:51 | Guard Tower |
| 12:10 | Storm Bolt |
| 13:12 | Staff of Teleportation |
| 13:32 | Peasant |
| 13:32 | Peasant |
| 13:34 | Boots of Speed |
| 13:50 | Scroll of Regeneration |
| 13:54 | Staff of Sanctuary |
| 14:06 | Arcane Sanctum |
| 14:09 | Peasant |
| 14:09 | Peasant |
| 14:12 | Imbued Masonry |
| 14:14 | Guard Tower |
| 14:17 | Scout Tower |
| 14:17 | Scout Tower |
| 14:18 | Scout Tower |
| 14:19 | Scout Tower |
| 14:31 | Guard Tower |
| 14:33 | Scout Tower |
| 14:34 | Scout Tower |
| 14:34 | Scout Tower |
| 14:34 | Scout Tower |
| 15:34 | Guard Tower |
| 15:36 | Scout Tower |
| 15:37 | Scout Tower |
| 15:37 | Scout Tower |
| 15:38 | Scout Tower |
| 15:41 | Guard Tower |
| 15:49 | Scout Tower |
| 15:50 | Scout Tower |
| 15:51 | Scout Tower |
| 15:51 | Scout Tower |
| 16:09 | Brilliance Aura |
| 17:27 | Magic Sentry |
| 17:37 | Guard Tower |
| 17:39 | Scout Tower |
| 17:39 | Scout Tower |
| 17:40 | Scout Tower |
| 17:41 | Scout Tower |
| 17:42 | Guard Tower |
| 17:45 | Scout Tower |
| 17:46 | Scout Tower |
| 17:46 | Scout Tower |
| 17:47 | Scout Tower |
| 17:52 | Bash |
| 18:01 | Holy Light |
| 18:11 | Staff of Sanctuary |
| 18:57 | Guard Tower |
| 19:02 | Scout Tower |
| 19:02 | Scout Tower |
| 19:03 | Scout Tower |
| 19:03 | Scout Tower |
| 19:05 | Guard Tower |
| 19:14 | Scout Tower |
| 19:15 | Scout Tower |
| 19:16 | Scout Tower |
| 19:17 | Scout Tower |
| 19:18 | Scout Tower |
| 19:19 | Scout Tower |
| 19:20 | Scout Tower |
| 19:20 | Scout Tower |
| 19:21 | Scout Tower |
| 19:21 | Scout Tower |
| 19:59 | Guard Tower |
| 20:29 | Staff of Teleportation |
| 21:07 | Priest |
| 21:15 | Staff of Sanctuary |
| 21:24 | Orb of Fire |
| 21:28 | Orb of Fire |
| 21:34 | Guard Tower |
| 21:36 | Scout Tower |
| 21:37 | Scout Tower |
| 21:37 | Scout Tower |
| 21:38 | Scout Tower |
| 21:46 | Advanced Lumber Harvesting |
| 22:12 | Scout Tower |
| 22:12 | Scout Tower |
| 22:13 | Scout Tower |
| 22:13 | Scout Tower |
| 22:15 | Guard Tower |
| 22:27 | Scout Tower |
| 22:28 | Scout Tower |
| 22:29 | Scout Tower |
| 22:29 | Scout Tower |
| 22:30 | Scout Tower |
| 22:31 | Scout Tower |
| 22:32 | Scout Tower |
| 22:32 | Scout Tower |
| 22:38 | Guard Tower |
| 23:55 | Arcane Tower |
| 26:05 | Divine Shield |
| 27:06 | Storm Bolt |
| 27:12 | Guard Tower |
| 28:48 | Arcane Tower |
| 29:08 | Boots of Speed |
| 31:18 | Holy Light |
| 31:39 | Blizzard |
| 32:51 | Bash |
| 38:36 | Divine Shield |
| Right click | 2619 |
| Select | 1186 |
| Select group | 548 |
| Assign group | 261 |
| Build/train/purchase | 127 |
| Use ability | 110 |
| Minimap ping | 10 |
| Chat | 9 |
| Item give/drop | 5 |
| Misc. action | 2 |



x1)
x1)
| Staff of Sanctuary | 3 | 750 |
| Orb of Fire | 2 | 650 |
| Boots of Speed | 3 | 750 |
| Staff of Teleportation | 3 | 450 |
| Tome of Retraining | 2 | 600 |
| Periapt of Vitality | 1 | 325 |
| Orb of Venom | 1 | 325 |
| total: | 15 | 3850g |
| Peasant | 14 | 1050 | / | 0 |
| Priest | 1 | 135 | / | 10 |
| Dragonhawk Rider | 5 | 1000 | / | 150 |
| Sorceress | 1 | 155 | / | 20 |
| total: | 21 | 2340g | / | 180w |
| Scout Tower | 109 | 3270 | / | 2180 |
| Arcane Tower | 8 | 560 | / | 400 |
| Guard Tower | 43 | 3010 | / | 2150 |
| Altar of Kings | 1 | 180 | / | 50 |
| Farm | 5 | 400 | / | 100 |
| Lumber Mill | 1 | 120 | / | 0 |
| Town Hall | 1 | 385 | / | 205 |
| Arcane Vault | 2 | 260 | / | 60 |
| Blacksmith | 1 | 140 | / | 60 |
| Barracks | 4 | 640 | / | 240 |
| Arcane Sanctum | 1 | 150 | / | 140 |
| Gryphon Aviary | 1 | 140 | / | 150 |
| Keep | 1 | 320 | / | 210 |
| Castle | 1 | 360 | / | 210 |
| total: | 126 | 5685g | / | 3185w |
| 0:02 | Peasant |
| 0:03 | Peasant |
| 0:14 | Altar of Kings |
| 0:19 | Farm |
| 0:24 | Peasant |
| 0:33 | Farm |
| 0:39 | Peasant |
| 0:42 | Peasant |
| 0:49 | Lumber Mill |
| 0:51 | Peasant |
| 1:01 | Peasant |
| 1:34 | Peasant |
| 1:38 | Scout Tower |
| 1:45 | Scout Tower |
| 1:46 | Scout Tower |
| 1:47 | Scout Tower |
| 1:48 | Peasant |
| 2:09 | Arcane Tower |
| 2:14 | Peasant |
| 2:14 | Peasant |
| 2:16 | Summon Water Elemental |
| 2:18 | Arcane Tower |
| 2:23 | Scout Tower |
| 2:24 | Scout Tower |
| 2:24 | Scout Tower |
| 2:25 | Scout Tower |
| 2:30 | Peasant |
| 2:31 | Peasant |
| 2:35 | Guard Tower |
| 2:48 | Guard Tower |
| 3:28 | Peasant |
| 3:34 | Guard Tower |
| 3:36 | Scout Tower |
| 3:36 | Scout Tower |
| 3:38 | Scout Tower |
| 3:39 | Guard Tower |
| 4:01 | Keep |
| 4:04 | Farm |
| 4:05 | Farm |
| 4:10 | Improved Masonry |
| 4:27 | Guard Tower |
| 4:30 | Scout Tower |
| 5:07 | Guard Tower |
| 5:09 | Scout Tower |
| 5:10 | Scout Tower |
| 5:10 | Scout Tower |
| 5:11 | Scout Tower |
| 5:57 | Brilliance Aura |
| 6:42 | Boots of Speed |
| 6:42 | Staff of Teleportation |
| 6:43 | Boots of Speed |
| 6:53 | Arcane Sanctum |
| 7:03 | Guard Tower |
| 7:16 | Scout Tower |
| 7:16 | Scout Tower |
| 7:27 | Storm Bolt |
| 8:02 | Castle |
| 8:21 | Town Hall |
| 8:30 | Arcane Vault |
| 8:54 | Guard Tower |
| 9:08 | Arcane Vault |
| 9:21 | Bash |
| 9:33 | Guard Tower |
| 9:44 | Scout Tower |
| 9:50 | Magic Sentry |
| 9:51 | Priest |
| 10:04 | Scout Tower |
| 10:04 | Scout Tower |
| 10:05 | Scout Tower |
| 10:05 | Scout Tower |
| 10:20 | Boots of Speed |
| 10:20 | Staff of Teleportation |
| 10:37 | Scout Tower |
| 10:37 | Scout Tower |
| 10:37 | Scout Tower |
| 10:49 | Scout Tower |
| 10:50 | Scout Tower |
| 10:50 | Scout Tower |
| 10:51 | Scout Tower |
| 10:52 | Scout Tower |
| 10:52 | Scout Tower |
| 11:16 | Advanced Masonry |
| 11:16 | Imbued Masonry |
| 11:22 | Arcane Tower |
| 11:22 | Guard Tower |
| 11:27 | Priest Adept Training |
| 11:30 | Arcane Tower |
| 11:31 | Gryphon Aviary |
| 11:46 | Holy Light |
| 12:25 | Brilliance Aura |
| 13:25 | Guard Tower |
| 13:29 | Scout Tower |
| 13:31 | Scout Tower |
| 13:31 | Scout Tower |
| 13:32 | Scout Tower |
| 13:32 | Scout Tower |
| 13:35 | Blacksmith |
| 13:36 | Barracks |
| 13:37 | Guard Tower |
| 13:37 | Guard Tower |
| 13:38 | Guard Tower |
| 13:38 | Arcane Tower |
| 13:45 | Staff of Sanctuary |
| 13:48 | Staff of Sanctuary |
| 14:01 | Scout Tower |
| 14:03 | Scout Tower |
| 14:03 | Scout Tower |
| 14:04 | Scout Tower |
| 14:36 | Guard Tower |
| 14:38 | Guard Tower |
| 14:40 | Dragonhawk Rider |
| 14:41 | Dragonhawk Rider |
| 14:41 | Dragonhawk Rider |
| 14:44 | Farm |
| 15:18 | Divine Shield |
| 15:23 | Staff of Teleportation |
| 15:23 | Tome of Retraining |
| 15:23 | Retrain Hero |
| 15:33 | Storm Bolt |
| 15:37 | Blizzard |
| 15:37 | Brilliance Aura |
| 16:11 | Guard Tower |
| 17:02 | Scout Tower |
| 17:03 | Scout Tower |
| 17:03 | Scout Tower |
| 17:04 | Scout Tower |
| 17:04 | Scout Tower |
| 17:05 | Scout Tower |
| 17:05 | Scout Tower |
| 17:06 | Scout Tower |
| 17:08 | Animal War Training |
| 17:09 | Iron Forged Swords |
| 17:09 | Studded Leather Armor |
| 17:10 | Dragonhawk Rider |
| 17:11 | Dragonhawk Rider |
| 17:38 | Guard Tower |
| 18:02 | Guard Tower |
| 18:34 | Scout Tower |
| 18:34 | Scout Tower |
| 18:35 | Scout Tower |
| 18:35 | Scout Tower |
| 18:36 | Scout Tower |
| 18:36 | Scout Tower |
| 18:38 | Guard Tower |
| 18:55 | Scout Tower |
| 18:55 | Scout Tower |
| 18:56 | Scout Tower |
| 18:56 | Scout Tower |
| 20:39 | Holy Light |
| 20:54 | Guard Tower |
| 20:57 | Scout Tower |
| 20:58 | Scout Tower |
| 20:58 | Scout Tower |
| 20:59 | Scout Tower |
| 20:59 | Scout Tower |
| 21:00 | Scout Tower |
| 21:01 | Scout Tower |
| 21:01 | Scout Tower |
| 21:03 | Scout Tower |
| 21:04 | Scout Tower |
| 21:04 | Scout Tower |
| 21:05 | Scout Tower |
| 21:05 | Scout Tower |
| 21:21 | Staff of Sanctuary |
| 21:29 | Guard Tower |
| 21:30 | Guard Tower |
| 21:57 | Guard Tower |
| 22:07 | Orb of Fire |
| 22:18 | Orb of Fire |
| 22:23 | Orb of Venom |
| 22:26 | Guard Tower |
| 22:30 | Steel Forged Swords |
| 22:30 | Reinforced Leather Armor |
| 22:36 | Arcane Tower |
| 24:01 | Arcane Tower |
| 24:02 | Arcane Tower |
| 24:02 | Guard Tower |
| 24:02 | Guard Tower |
| 24:03 | Guard Tower |
| 24:15 | Sorceress Adept Training |
| 24:19 | Scout Tower |
| 24:19 | Scout Tower |
| 25:12 | Blizzard |
| 25:20 | Guard Tower |
| 25:21 | Scout Tower |
| 25:21 | Scout Tower |
| 25:22 | Scout Tower |
| 25:23 | Scout Tower |
| 25:23 | Scout Tower |
| 25:24 | Scout Tower |
| 25:44 | Sorceress |
| 27:05 | Tome of Retraining |
| 27:05 | Retrain Hero |
| 27:08 | Periapt of Vitality |
| 27:19 | Blizzard |
| 27:19 | Brilliance Aura |
| 27:19 | Blizzard |
| 27:20 | Brilliance Aura |
| 27:23 | Bash |
| 27:31 | Guard Tower |
| 27:34 | Scout Tower |
| 28:50 | Guard Tower |
| 28:51 | Scout Tower |
| 28:52 | Scout Tower |
| 28:54 | Scout Tower |
| 28:54 | Scout Tower |
| 28:55 | Scout Tower |
| 28:55 | Scout Tower |
| 28:56 | Scout Tower |
| 29:25 | Guard Tower |
| 33:07 | Divine Shield |
| 33:12 | Scout Tower |
| 33:13 | Scout Tower |
| 33:13 | Scout Tower |
| 33:14 | Scout Tower |
| 33:14 | Scout Tower |
| 33:15 | Scout Tower |
| 33:15 | Scout Tower |
| 33:16 | Scout Tower |
| 33:16 | Scout Tower |
| 33:17 | Scout Tower |
| 33:18 | Scout Tower |
| 33:19 | Scout Tower |
| 33:20 | Scout Tower |
| 33:22 | Guard Tower |
| 33:24 | Scout Tower |
| 33:24 | Scout Tower |
| 33:26 | Scout Tower |
| 33:27 | Scout Tower |
| 33:27 | Scout Tower |
| 33:28 | Scout Tower |
| 33:28 | Scout Tower |
| 33:29 | Scout Tower |
| 34:03 | Brilliance Aura |
| 35:10 | Guard Tower |
| 35:11 | Guard Tower |
| 35:25 | Storm Bolt |
| 35:37 | Guard Tower |
| 35:59 | Barracks |
| 36:01 | Barracks |
| 36:08 | Barracks |
| 36:16 | Guard Tower |
| Right click | 3538 |
| Select | 849 |
| Select group | 636 |
| Chat | 547 |
| Build/train/purchase | 222 |
| Use ability | 128 |
| Misc. action | 48 |
| Assign group | 21 |
| Item give/drop | 6 |
| Minimap ping | 6 |
| Remove unit | 1 |



x1)
| Orb of Venom | 1 | 325 |
| Staff of Teleportation | 3 | 450 |
| Boots of Speed | 3 | 750 |
| Periapt of Vitality | 2 | 650 |
| Tome of Retraining | 1 | 300 |
| Staff of Sanctuary | 4 | 1000 |
| total: | 14 | 3475g |
| Wisp | 32 | 1920 | / | 0 |
| total: | 32 | 1920g | / | 0w |
| Altar of Elders | 1 | 180 | / | 50 |
| Moon Well | 43 | 7740 | / | 1720 |
| Hunter's Hall | 1 | 210 | / | 100 |
| Ancient of Wonders | 2 | 180 | / | 60 |
| Tree of Life | 1 | 340 | / | 185 |
| Tree of Ages | 1 | 320 | / | 180 |
| Tree of Eternity | 1 | 330 | / | 200 |
| total: | 48 | 8650g | / | 2115w |
| 0:03 | Wisp |
| 0:03 | Wisp |
| 0:07 | Altar of Elders |
| 0:10 | Wisp |
| 0:23 | Moon Well |
| 0:31 | Moon Well |
| 0:42 | Wisp |
| 1:05 | Wisp |
| 1:05 | Wisp |
| 1:05 | Wisp |
| 1:27 | Wisp |
| 1:27 | Wisp |
| 1:53 | Wisp |
| 1:54 | Wisp |
| 2:10 | Entangling Roots |
| 2:16 | Wisp |
| 2:16 | Wisp |
| 2:42 | Wisp |
| 2:42 | Wisp |
| 2:42 | Wisp |
| 3:28 | Wisp |
| 3:28 | Wisp |
| 3:47 | Wisp |
| 3:47 | Wisp |
| 4:02 | Staff of Teleportation |
| 4:02 | Boots of Speed |
| 4:02 | Periapt of Vitality |
| 4:18 | Moon Well |
| 5:12 | Tree of Ages |
| 5:16 | Moon Well |
| 5:57 | Thorns Aura |
| 6:20 | Moon Well |
| 6:22 | Moon Well |
| 6:25 | Moon Well |
| 6:27 | Hunter's Hall |
| 6:32 | Ancient of Wonders |
| 7:48 | Tree of Eternity |
| 7:50 | Ultravision |
| 8:10 | Tree of Life |
| 8:32 | Entangling Roots |
| 9:01 | Black Arrow |
| 11:08 | Silence |
| 11:20 | Wisp |
| 11:21 | Wisp |
| 11:21 | Wisp |
| 11:22 | Wisp |
| 11:22 | Wisp |
| 11:25 | Wisp |
| 11:26 | Wisp |
| 11:46 | Frost Arrows |
| 13:27 | Mana Shield |
| 13:30 | Staff of Teleportation |
| 13:30 | Boots of Speed |
| 13:41 | Moon Well |
| 13:41 | Moon Well |
| 13:49 | Staff of Sanctuary |
| 13:58 | Well Spring |
| 14:03 | Moon Well |
| 14:04 | Moon Well |
| 14:05 | Moon Well |
| 14:07 | Moon Well |
| 14:08 | Moon Well |
| 14:09 | Moon Well |
| 14:17 | Moon Well |
| 14:18 | Moon Well |
| 14:19 | Moon Well |
| 14:25 | Orb of Venom |
| 14:43 | Moon Well |
| 14:46 | Moon Well |
| 14:47 | Moon Well |
| 14:49 | Thorns Aura |
| 14:55 | Boots of Speed |
| 15:28 | Black Arrow |
| 16:59 | Moon Well |
| 17:01 | Moon Well |
| 17:01 | Moon Well |
| 18:07 | Moon Well |
| 18:08 | Moon Well |
| 18:11 | Staff of Sanctuary |
| 18:18 | Staff of Sanctuary |
| 18:34 | Moon Well |
| 18:37 | Moon Well |
| 18:38 | Wisp |
| 18:38 | Wisp |
| 18:39 | Wisp |
| 18:39 | Wisp |
| 18:40 | Wisp |
| 18:53 | Moon Well |
| 18:53 | Moon Well |
| 18:54 | Moon Well |
| 19:18 | Moon Well |
| 19:19 | Moon Well |
| 20:06 | Staff of Teleportation |
| 20:52 | Frost Arrows |
| 21:15 | Ancient of Wonders |
| 21:30 | Staff of Sanctuary |
| 22:34 | Periapt of Vitality |
| 22:48 | Moon Well |
| 22:50 | Moon Well |
| 22:54 | Moon Well |
| 22:54 | Moon Well |
| 22:55 | Moon Well |
| 22:59 | Moon Well |
| 23:57 | Moon Well |
| 23:58 | Moon Well |
| 23:58 | Moon Well |
| 23:59 | Moon Well |
| 24:45 | Silence |
| 26:39 | Tome of Retraining |
| 26:39 | Retrain Hero |
| 26:41 | Silence |
| 26:41 | Life Drain |
| 26:42 | Life Drain |
| 28:12 | Entangling Roots |
| 29:52 | Mana Shield |
| 33:20 | Life Drain |
| 36:39 | Tranquility |
| 37:14 | Frost Arrows |
| 39:27 | Charm |
| Right click | 3058 |
| Select group | 1568 |
| Select | 357 |
| Build/train/purchase | 214 |
| Resource trade | 173 |
| Use ability | 121 |
| Misc. action | 106 |
| Chat | 56 |
| Item give/drop | 10 |
| Minimap ping | 8 |
| Assign group | 6 |
| Esc | 1 |